 Dungeon Crawl Stone Soup version 0.29.0-4-gdea44cf6ec (webtiles) character file.

Game seed: 15953184762937166979

9 qw the Chopper (level 2, -3/24 HPs)
             Began as a Barachi Chaos Knight on Sept 4, 2022.
             Slain by a chaos spawn (13 damage)
             ... summoned by Xom
             ... on level 1 of the Dungeon.
             The game lasted 00:00:08 (283 turns).

qw the Chopper (Barachi Chaos Knight)                Turns: 283, Time: 00:00:08

Health: -3/24      AC:  1    Str: 13    XL:     2   Next: 16%
Magic:  2/2        EV: 11    Int: 12    God:
Gold:   19         SH:  0    Dex: 11    Spells: 1/1 levels left

rFire   . . .      SeeInvis .   a - +0 hand axe (chaos)
rCold   . . .      Faith    .   (no shield)
rNeg    . . .      Spirit   .   b - +2 leather armour
rPois   .          Reflect  .   (no helmet)
rElec   .          Harm     .   (no cloak)
rCorr   .          Rampage  .   (no gloves)
Will    .....                   (no boots)
Stlth   +.........              (no amulet)
HPRegen 0.08/turn               (no ring)
MPRegen 0.08/turn               (no ring)

@: corroded, slow
A: amphibious, slowness 1, strong legs 1, +LOS
a: Hop


You were on level 1 of the Dungeon.
You visited 1 branch of the dungeon, and saw 1 of its levels.

You collected 19 gold pieces.


Innate Abilities, Weirdness & Mutations

You are amphibious.
You cover ground slowly.
You can hop short distances.
You have an extended range of vision and can be seen from far away.


   Skills:
 - Level 3.6 Fighting
 + Level 4.0 Axes
 - Level 2.4 Armour
 - Level 1.1 Dodging


You had one spell level left.
You didn't know any spells.
Your spell library was empty.

Inventory:

Hand Weapons
 a - a +0 hand axe of chaos (weapon)
 e - a +0 club
Missiles
 f - 2 boomerangs (quivered)
Armour
 b - a +2 leather armour (worn)
Scrolls
 d - a scroll of enchant weapon {unknown}
Potions
 g - a potion of degeneration {unknown}
 h - 2 potions of heal wounds {unknown}
Miscellaneous
 c - a piece from Xom's chessboard (15/15)

Dungeon Overview and Level Annotations

Branches:
Dungeon (1/15)

Altars:


Message History

The hobgoblin is severely wounded.
The hobgoblin barely misses you.
You barely miss the hobgoblin.
The hobgoblin is severely wounded.
The hobgoblin barely misses you.
You hit the hobgoblin.
The hobgoblin is almost dead.
The hobgoblin hits you.
You hit the hobgoblin.
You kill the hobgoblin!
Your Axes skill increases to level 4!
You start resting. "Fight to survive, mortal."
A chaos spawn comes into view.
You closely miss the chaos spawn. You hit the iron imp.
You hit the quasit but do no damage. You barely miss the white imp.
You hit the rust devil but do no damage.
You barely miss the iron imp.
The iron imp is moderately wounded.
You hit the chaos spawn but do no damage.
You closely miss the rust devil.
You hit the rust devil but do no damage.
The rust devil is poisoned.
You hit the quasit but do no damage. You completely miss the white imp.
The rust devil closely misses you. x2; The chaos spawn barely misses you.
You hit the iron imp.
The iron imp evaporates and reforms as a quasit!
You hit the chaos spawn but do no damage.
The chaos spawn resists with almost no effort.
You hit the rust devil but do no damage. x2
The rust devil suddenly seems more agile.
You hit the hellwing but do no damage.
The hellwing goes berserk!
You hit the white imp. You burn the white imp. You completely miss the quasit.
You barely miss the shadow imp.
The hellwing hits you but does no damage. x2
The quasit bites you. The quasit closely misses you. The quasit claws you.
The rust devil misses you. The rust devil hits you.
The rust devil corrodes you! The chaos spawn gores you!
Ouch! That really hurt!
You die...

#...# # .....#
......# #.....#.#
##7 #.....#.# #.. .
######.....#.# 7..
...###.55.....###.#
#7..
......5455....#
##... #..54@54...#
#.... #...4455...#
##..77 #.....5....#
#..77 #...########
#7.7 #... 7.# #...
###########7.# #..
#.........#..# ###
#.......#....#
#.......#....+


You could see a hellwing (summoned, berserk), 3 rust devils, a chaos spawn
(summoned), 2 iron imps, 5 quasits, 2 white imps and a shadow imp (summoned).

Vanquished Creatures
  An endoplasm (D:1)
  3 hobgoblins (D:1)
  A quokka (D:1)
  A ball python (D:1)
  A frilled lizard (D:1)
  A kobold (D:1)
  A rat (D:1)
9 creatures vanquished.

Notes
Turn   | Place    | Note
-------+----------+-------------------------------------------
     0 | D:1      | qw the Barachi Chaos Knight began the quest for the Orb.
     0 | D:1      | Reached XP level 1. HP: 18/18 MP: 1/1
     0 | D:1      | 0 ||| qw: Version: 0.1-a-103-gd6f5d3a
     0 | D:1      | 0 ||| qw: Game counter: 5534
     0 | D:1      | 0 ||| qw: Always use a shield: true
     0 | D:1      | 0 ||| qw: God list: Okawaru
     0 | D:1      | 0 ||| qw: Allow faded altars: false
     0 | D:1      | 0 ||| qw: Do Orc after D:15 true
     0 | D:1      | 0 ||| qw: Do second Lair branch before Depths: true
     0 | D:1      | 0 ||| qw: Lair rune preference: random
     0 | D:1      | 0 ||| qw: Plans: Normal
     0 | D:1      | 0 ||| PLANNING D:1-11
     0 | D:1      | Fell from the grace of Xom
    51 | D:1      | 51 ||| Stepping ~*~*~tactically~*~*~ (stealth).
   173 | D:1      | XOM: 2-stop teleportation journey
   187 | D:1      | XOM: summons 2 hostile shadow creatures
   196 | D:1      | Reached XP level 2. HP: 14/24 MP: 2/2
   215 | D:1      | Reached skill level 4 in Axes
   280 | D:1      | XOM: summons 14 hostile demons
   281 | D:1      | Noticed a chaos spawn
   281 | D:1      | Noticed a hellwing
   281 | D:1      | Noticed a rust devil
   281 | D:1      | Noticed a rust devil
   283 | D:1      | Slain by a chaos spawn

Levels and vault maps discovered:
D:1:      sevenhm_arrival_forest_fort_large_3, layout_basic,
          minmay_misc_feat_encased

Skill      XL: |  1  2 |
---------------+-------+-----
Axes           | 4 |  4.0
Fighting       | |  3.6
Armour         | |  2.4
Dodging        | |  1.1

Action                   || total
-------------------------++-------
Melee: Hand axe          ||    31
Throw: Boomerang         ||     6
Invok: Renounce Religion ||     1
Armor: Leather armour    ||     9
Dodge: Dodged            ||    22

Table legend:
 A = Non-vault XP
 B = Vault XP
 C = Vault XP percentage of total XP
 D = Non-vault monster count
 E = Vault monster count
 F = Vault count percentage of total count
                 A         B        C        D         E       F
            +---------+---------+-------+---------+---------+-------
      Total |      14 |       0 |   0.0 |       9 |       0 |   0.0
            +---------+---------+-------+---------+---------+-------
        D:1 |      14 |       0 |   0.0 |       9 |       0 |   0.0
            +---------+---------+-------+---------+---------+-------
